 Dungeon Crawl Stone Soup version 0.30-a0-6-g7c9e10e132 (webtiles) character file.

Game seed: 16945331799820337988

71 ytrimaz the Trooper (level 4, -4/37 HPs)
             Began as a Demonspawn Fighter on Aug 22, 2022.
             Slain by an iguana (5 damage)
             ... on level 4 of the Dungeon.
             The game lasted 00:02:13 (2659 turns).

ytrimaz the Trooper (Demonspawn Fighter)            Turns: 2659, Time: 00:02:14

Health: -4/37      AC: 15    Str: 21    XL:     4   Next: 5%
Magic:  4/4        EV:  7    Int:  9    God:
Gold:   185        SH:  8    Dex: 13    Spells: 3/3 levels left

rFire   . . .      SeeInvis .    a - +1 war axe
rCold   . . .      Faith    .    c - +0 buckler
rNeg    . . .      Spirit   .    m - +7 chain mail of the Devil's Team {Str+3}
rPois   +          Reflect  .    (no helmet)
rElec   .          Harm     .    (no cloak)
rCorr   .          Rampage  .    (no gloves)
Will    .....                    (no boots)
Stlth   ..........               (no amulet)
HPRegen 0.12/turn                l - +4 ring of slaying
MPRegen 0.09/turn                h - ring of poison resistance

@: mighty
A: condensation shield
a: no special abilities


You were on level 4 of the Dungeon.
You visited 1 branch of the dungeon, and saw 4 of its levels.

You collected 185 gold pieces.

Inventory:

Hand Weapons
 a - a +1 war axe (weapon)
Armour
 c - a +0 buckler (worn)
 m - the +7 chain mail of the Devil's Team (worn) {Str+3}
   (You acquired it on level 3 of the Dungeon)

   Str:       It affects your strength (+3).
Jewellery
 f - a ring of see invisible
 h - a ring of poison resistance (right hand)
 j - a +6 ring of intelligence
 l - a +4 ring of slaying (left hand)
Scrolls
 n - 2 scrolls of teleportation
 o - a scroll of torment
Potions
 d - 2 potions of might
 e - 3 potions of curing
 g - 4 potions of lignification {unknown}
 i - a potion of cancellation {unknown}
 k - a potion of brilliance {unknown}


   Skills:
 + Level 3.9 Fighting
 + Level 3.2 Axes
 - Level 2.6 Armour
 - Level 2.6 Shields


You had 3 spell levels left.
You didn't know any spells.
Your spell library contained the following spells:

 Spells                   Type           Power      Damage    Failure   Level
 Sandblast                Erth           0%         2d4       99%         1
 Passwall                 Tmut/Erth      0%         N/A       100%        2
 Call Canine Familiar     Summ           0%         N/A       100%        3
 Portal Projectile        Hex/Tloc       0%         N/A       100%        3
 Stone Arrow              Conj/Erth      0%         3d7       100%        3
 Leda's Liquefaction      Hex/Erth       0%         N/A       100%        4


Dungeon Overview and Level Annotations

Branches:
Dungeon (4/15)
 Temple: D:4-7

Altars:
Trog
Xom

Shops:
D:2 (


Innate Abilities, Weirdness & Mutations

A meltable shield of frost defends you. (SH +4)


Message History

Unknown command.
You feel very mighty all of a sudden. The gnoll bouda barely misses you.
The gnoll hits you from afar with a +0 halberd.
The gnoll hits you but does no damage. You block the gnoll's attack. x2
The gnoll barely misses you.
Unknown command.
You barely miss the gnoll bouda. You closely miss the gnoll.
You slash the gnoll!
You kill the gnoll!
You barely miss the gnoll. You block the gnoll bouda's attack.
The gnoll closely misses you. The gnoll barely misses you. x2
You block the gnoll's attack. The gnoll barely misses you.
The gnoll bouda hits you but does no damage.
The gnoll hits you but does no damage.
You have reached level 4!
You feel agile.
You barely miss the gnoll bouda. You slash the gnoll!
You closely miss the gnoll. The gnoll hits you with a +0 club.
The gnoll closely misses you.
The gnoll bouda barks out a call to the hunt!
The gnoll picks up the pace!
The gnoll barely misses you. You block the gnoll's attack.
The gnoll barely misses you. The gnoll hits you with a +0 halberd.
The gnoll bouda hits you with a +0 club!
* * * LOW HITPOINT WARNING * * *
The gnoll hits you with a +0 halberd.
* * * LOW HITPOINT WARNING * * *
The gnoll hits you but does no damage. x2; The gnoll barely misses you.
Unknown command.
You hit the gnoll bouda.
The gnoll bouda is lightly wounded.
You closely miss the iguana. You slash the gnoll! You closely miss the gnoll.
You slash the gnoll!
You kill the gnoll!
You closely miss the gnoll.
The gnoll bouda hits you with a +0 club.
* * * LOW HITPOINT WARNING * * *
The iguana bites you.
You die...

####..### #. †....... #<
.####.######.##### ##
..............$.. ..
..#.#...........# .#
..#.#.......(...##.#####
.........#####...).....#
..#.####...#...glg..##.#
..#............#@g......
...........#...#g).....#
#...........#.###.#.....
########†......# ..#....
...........# .......
......#.........#....
....##.#.#.#...#####..
.... ..#.#....... ...
...#######...


You could see a gnoll bouda, an iguana and 3 gnolls.

Vanquished Creatures
  2 gnolls (D:4)
  An adder (D:2)
  3 worms
  A dart slug (D:1)
  5 ball pythons
  3 endoplasms
  2 giant cockroaches
  4 goblins
  2 hobgoblins
  2 jackals (D:3)
  5 kobolds
  3 quokkas
  5 bats (D:1)
  A frilled lizard (D:1)
  5 rats
44 creatures vanquished.

Vanquished Creatures (others)
  4 plants (D:1)
4 creatures vanquished.

Grand Total: 48 creatures vanquished

Notes
Turn   | Place    | Note
-------+----------+-------------------------------------------
     0 | D:1      | ytrimaz the Demonspawn Fighter began the quest for the Orb.
     0 | D:1      | Reached XP level 1. HP: 18/18 MP: 1/1
   434 | D:1      | Gained mutation: A meltable shield of frost defends you.
                  | (SH +4) [demonic ancestry]
   434 | D:1      | Reached XP level 2. HP: 24/24 MP: 2/2
  1013 | D:2      | Found Unkanoreyvu's Antique Weapon Emporium.
  1427 | D:2      | Reached XP level 3. HP: 20/30 MP: 3/3
  1984 | D:3      | Found a bloodstained altar of Trog.
  2140 | D:3      | Identified a scroll of acquirement
  2140 | D:3      | Acquired the +7 chain mail of the Devil's Team {Str+3}
  2426 | D:3      | Found a shimmering altar of Xom.
  2657 | D:4      | Reached XP level 4. HP: 24/37 MP: 4/4
  2659 | D:4      | HP: 1/37 [gnoll bouda/+0 club (4)]
  2659 | D:4      | Slain by an iguana

Illustrated notes

Levels and vault maps discovered:
D:1:      lemuel_arrival_muddy, layout_rooms, serial_bayou_pond_a,
          kennysheep_nondescript
D:2:      layout_loops_ring, serial_shops, nicolae_shop_behind_doors
D:3:      layout_basic, mainiacjoe_overflow_six_doors_small, bloody_trog
D:4:      layout_basic, hangedman_decor_lopped, minmay_goblin_outpost

Skill      XL: |  1  2  3 |
---------------+----------+-----
Axes           | 2 3 |  3.2
Fighting       | |  3.9
Armour         | |  2.6
Shields        | |  2.6

Action                   |  1- 3 |  4- 6 || total
-------------------------+-------+-------++-------
Melee: War axe           |   112 |     2 ||   114
  Use: Scroll            |     8 |       ||     8
       Potion            |     1 |       ||     1
Armor: Scale mail        |    33 |       ||    33
       Chain mail        |    13 |     2 ||    15
Dodge: Dodged            |    47 |     4 ||    51
Block: Buckler           |    60 |     1 ||    61

Table legend: (Time is in decaauts)
 A = Elapsed time spent in this place.
 B = Non-inter-level travel time spent in this place.
 C = Inter-level travel time spent in this place.
 D = Time resting spent in this place.
 E = Time spent auto-exploring this place.
 F = Levels seen in this place.
 G = Mean time per level.
                   A        B        C        D        E       F      G
               +--------+--------+--------+--------+--------+-----+--------+
         Total |   2707 |   2664 |     43 |      0 |   2235 |   4 |  676.8 |
       Dungeon |   2707 |   2664 |     43 |      0 |   2235 |   4 |  676.8 |
               +--------+--------+--------+--------+--------+-----+--------+

Top non-repeatable levels by time:
     D:2: 983 daAuts
     D:3: 881 daAuts
     D:1: 759 daAuts
     D:4: 82 daAuts
